 Dungeon Crawl Stone Soup version 0.17.0-23-g0de4337 (webtiles) character file.

20379 tp1 the Destroyer (level 12, -6/64 HPs)
             Began as a Deep Elf Conjurer on Nov 14, 2015.
             Was a High Priest of Vehumet.
             Mangled by a death yak (26 damage)
             ... on level 5 of the Lair of Beasts.
             The game lasted 01:33:53 (17882 turns).

tp1 the Destroyer (Deep Elf Conjurer)              Turns: 17882, Time: 01:33:53

Health: -6/64      AC:  7    Str:  2    XL:     12   Next: 44%
Magic:  16/30      EV: 11    Int: 26    God:    Vehumet [*****.]
Gold:   1179       SH:  9    Dex: 15    Spells: 8 memorised, 11 levels left

rFire  + . .     SeeInvis +     F - staff of air
rCold  x . .     Rnd*Rage +     r - +0 leather armour "Faosack" {+Blink rC- Regen+ Str-3}
rNeg   + . .     SustAt   .     t - +0 shield
rPois  +         Gourm    .     (no helmet)
rElec  +         Spirit   .     d - +2 cloak {rPois}
rCorr  .         Warding  +     w - +2 pair of gloves {rF+}
rMut   .         Rnd*Tele +     (no boots)
MR     +....                    q - amulet of warding
Stlth  ++........               U - ring of wizardry
                                z - ring of teleportation (curse)

@: somewhat resistant to hostile enchantments, unstealthy
A: see invisible, berserk 1, breathe flames 1, deformed body, mutation
resistance 1
a: Renounce Religion, Breathe Fire, Evoke Blink, Evoke Teleportation


You were on level 5 of the Lair of Beasts.
You worshipped Vehumet.
Vehumet was extremely pleased with you.
You were not hungry.

You visited 4 branches of the dungeon, and saw 17 of its levels.
You also visited: Volcano.

You collected 1179 gold pieces.

Inventory:

Armour
 d - a +2 cloak of poison resistance (worn)
 r - the +0 leather armour "Faosack" (worn) {+Blink rC- Regen+ Str-3}
   (You found it in a volcano)

   It affects your strength (-3).
   It makes you vulnerable to cold.
   It lets you blink.
   It increases your rate of regeneration.
 t - a +0 shield (worn)
 w - a +2 pair of gloves of fire resistance (worn)
Magical Staves
 A - an uncursed staff of cold
 F - an uncursed staff of air (weapon)
Jewellery
 m - an uncursed ring of flight
 q - an amulet of warding (around neck)
 z - a cursed ring of teleportation (left hand)
 H - an uncursed ring of protection from fire {unknown}
 K - a +3 ring of evasion
 L - an uncursed amulet of stasis
 U - a ring of wizardry (right hand)
Wands
 a - a wand of teleportation (2)
 i - a wand of enslavement (7)
 p - a wand of teleportation (4)
 v - a wand of teleportation (5)
 G - a wand of polymorph (10)
 I - a wand of digging (6)
 J - a wand of polymorph (11)
 X - a wand of invisibility (2)
 Z - a wand of confusion (16)
Scrolls
 g - a scroll of amnesia
 j - 4 scrolls of identify
 l - a scroll of immolation
 y - a scroll of blinking
 B - a scroll of recharging
 C - 2 scrolls of teleportation
 E - 3 scrolls of magic mapping
 S - 2 scrolls of fear
 W - a scroll of enchant weapon
Potions
 e - 2 potions of agility
 f - 4 potions of curing
 h - 2 potions of cancellation
 k - 2 potions of flight
 n - 2 potions of lignification
 o - 3 potions of haste
 s - 3 potions of berserk rage {unknown}
 u - 2 potions of heal wounds
 D - 3 potions of brilliance
Books
 b - a book of Conjurations

   Spells                             Type                      Level
   a - Magic Dart                     Conjuration                  1
   b - Searing Ray                    Conjuration                  2
   c - Dazzling Spray                 Conjuration/Hexes            3
   d - Fulminant Prism                Conjuration/Hexes            4
   e - Iskenderun's Mystic Blast      Conjuration                  4
   f - Iskenderun's Battlesphere      Conjuration/Charms           5
 N - a book of Cantrips

   Spells                             Type                      Level
   a - Corona                         Hexes                        1
   b - Animate Skeleton               Necromancy                   1
   c - Summon Small Mammal            Summoning                    1
   d - Apportation                    Translocation                1
Comestibles
 c - 4 bread rations
 x - a meat ration
 M - a royal jelly


   Skills:
 - Level 2.8 Fighting
 + Level 5.9 Dodging
 - Level 2.4 Stealth
 - Level 7.0 Shields
 - Level 12.0 Spellcasting
 - Level 12.0 Conjurations
 - Level 8.0 Charms
 - Level 9.1 Fire Magic
 - Level 7.0 Ice Magic


You had 11 spell levels left.
You knew the following spells:

 Your Spells              Type           Power        Failure   Level  Hunger
a - Magic Dart            Conj           ####         1%          1    None
b - Searing Ray           Conj           ######       1%          2    None
c - Flame Tongue          Conj/Fire      #####        1%          1    None
d - Iskenderun's Battles  Conj/Chrm      ######..     1%          5    ###....
e - Inner Flame           Hex/Fire       #####...     1%          3    None
f - Conjure Flame         Conj/Fire      ######..     1%          3    None
g - Ignite Poison         Fire/Trmt/Pois ####....     2%          3    None
h - Bolt of Cold          Conj/Ice       ######....   13%         6    #####..


Dungeon Overview and Level Annotations

Branches:
Dungeon (9/15)             Temple (1/1) D:5            Lair (5/8) D:8
    Orc (2/4) D:9
  Swamp: Lair:3-6    Shoals: Lair:3-6     Snake: Lair:3-6    Spider: Lair:3-6

Altars:
Ashenzari
Cheibriados
Dithmenos
Elyvilon
Fedhas
Gozag
Kikubaaqudgha
Makhleb
Nemelex Xobeh
Okawaru
Qazlal
Ru
Sif Muna
Trog
Vehumet
Xom
Yredelemnul
Zin
The Shining One

Shops:
Orc:1 *


Innate Abilities, Weirdness & Mutations

You have supernaturally acute eyesight.
You tend to lose your temper in combat.
You can breathe flames.
Armour fits poorly on your strangely shaped body.
You are somewhat resistant to further mutation.


Message History

Casting: Magic Dart
Confirm with . or Enter, or press ? or * to list all spells.
Aiming: Magic Dart
Press: ? - help, Shift-Dir - straight line, f/p - death yak
Aim: a death yak (moderately wounded)
Okay, then.
Drink which item? (? for menu, Esc to quit)
Okay, then.
Read which item? (? for menu, Esc to quit)
Okay, then.
You blink.
You feel slightly more hungry.
The death yak is engulfed in roaring flames.
You block the death yak's attack. The death yak barely misses you.
You fail to use your ability.
The death yak is engulfed in roaring flames.
The death yak closely misses you. The death yak gores you!
You fail to use your ability.
The death yak is engulfed in roaring flames.
The death yak gores you!!
You die...

#.............
##...<.......#
#..........##
#........>).#
##..........#
#.......#..####
#......#.....#.#
.....####.#.YY##
..#.# ###.t@.#
## #.#*## ##..#
####


You could see 2 death yaks and a crocodile (inner flame).

Vanquished Creatures
  Snorg (Lair:4)
  2 hydras (Lair:4)
  Harold (Orc:1)
  Erica (D:9)
  Erolcha (D:8)
  A death yak (Lair:5)
  Maurice (D:9)
  5 spiny frogs
  3 komodo dragons
  2 black mambas
  2 trolls
  A polar bear (Lair:3)
  9 blink frogs
  A wyvern (D:9)
  2 flying skulls (Volcano)
  3 yaks
  A deep elf mage (D:9)
  A wraith (D:9)
  A hill giant zombie (D:9)
  6 hippogriffs
  2 vampires (Volcano)
  A hungry ghost (D:8)
  Edmund (D:5)
  7 water moccasins
  3 ice beasts (D:8)
  9 orc warriors
  3 sky beasts
  3 porcupines
  A wasp (D:8)
  5 ogres
  4 phantoms
  2 centaurs
  7 crocodiles
  6 giant frogs
  5 scorpions (D:4)
  12 wights
  3 electric eels (Lair:2)
  3 crimson imps
  A centaur zombie (D:5)
  4 jellies
  7 orc priests
  A giant frog skeleton (D:7)
  2 centaur skeletons (D:8)
  3 hounds
  9 worker ants
  Natasha (thrice) (D:2)
  14 orc wizards
  4 iguanas
  7 sheep (Lair:1)
  5 ogre zombies (D:9)
  A hound skeleton (D:9)
  2 mummies (Volcano)
  2 gnolls (D:7)
  4 shadow imps
  15 adders
  10 river rats
  3 oozes
  An adder skeleton (D:6)
  5 worms
  6 giant geckos
  73 orcs
  A ball python (D:7)
  3 giant cockroaches
  8 hobgoblins
  23 bats
  A giant gecko skeleton (D:5)
  6 giant newts
  17 goblins
  2 goblin skeletons (D:9)
  A goblin zombie (D:9)
  2 hobgoblin skeletons (D:9)
  A hobgoblin zombie (D:9)
  14 jackals
  A jackal skeleton (D:4)
  8 kobolds
  3 orc skeletons (D:9)
  9 orc zombies (D:9)
  4 quokkas
  11 rats
  3 fungi (D:8)
  A plant (D:8)
423 creatures vanquished.

Vanquished Creatures (others)
  An ogre (D:8)
  A hound (D:8)
  An orc (D:8)
  19 fungi
  A plant (D:8)
23 creatures vanquished.

Grand Total: 446 creatures vanquished

Notes
Turn   | Place    | Note
--------------------------------------------------------------
     0 | D:1      | tp1 the Deep Elf Conjurer began the quest for the Orb.
     0 | D:1      | Reached XP level 1. HP: 10/10 MP: 6/6
   339 | D:1      | Reached XP level 2. HP: 15/15 MP: 6/8
   343 | D:1      | Learned a level 2 spell: Searing Ray
   499 | D:1      | Reached skill level 5 in Conjurations
   996 | D:2      | Reached XP level 3. HP: 19/19 MP: 3/9
  1514 | D:2      | Reached skill level 6 in Conjurations
  1533 | D:2      | Reached XP level 4. HP: 22/24 MP: 2/10
  1859 | D:2      | Found a white marble altar of Elyvilon.
  1973 | D:2      | Noticed Natasha
  1982 | D:2      | Killed Natasha
  1982 | D:2      | Reached XP level 5. HP: 7/28 MP: 10/14
  1989 | D:2      | Learned a level 5 spell: Iskenderun's Battlesphere
  2022 | D:2      | Noticed Natasha
  2048 | D:2      | Killed Natasha
  2048 | D:2      | Reached skill level 5 in Spellcasting
  2273 | D:2      | Found a shadowy altar of Dithmenos.
  2686 | D:2      | Found a shadowy altar of Dithmenos.
  2731 | D:2      | Reached skill level 1 in Charms
  2776 | D:2      | Noticed Natasha
  2777 | D:2      | Killed Natasha
  2850 | D:2      | Found a white marble altar of Elyvilon.
  3304 | D:3      | Found an ancient bone altar of Kikubaaqudgha.
  3412 | D:3      | Found a shadowy altar of Dithmenos.
  3447 | D:3      | Found a bloodstained altar of Trog.
  3993 | D:4      | Found a blossoming altar of Fedhas.
  4024 | D:4      | Noticed an ogre
  4028 | D:4      | Killed an ogre
  4028 | D:4      | Reached skill level 5 in Charms
  4028 | D:4      | Reached XP level 6. HP: 32/32 MP: 6/15
  4343 | D:4      | Reached skill level 7 in Charms
  4412 | D:4      | Noticed an ogre
  4480 | D:4      | Killed an ogre
  4480 | D:4      | Reached skill level 8 in Charms
  4480 | D:4      | Reached XP level 7. HP: 36/36 MP: 8/16
  4951 | D:5      | Entered Level 5 of the Dungeon
  5062 | D:5      | Found a staircase to the Ecumenical Temple.
  5075 | Temple   | Entered the Ecumenical Temple
  5170 | Temple   | Became a worshipper of Vehumet
  5233 | D:5      | Noticed Edmund
  5239 | D:5      | Killed Edmund
  5437 | D:5      | Reached skill level 9 in Spellcasting
  5437 | D:5      | Reached XP level 8. HP: 41/41 MP: 14/23
  5446 | D:5      | Gained mutation: You have supernaturally acute eyesight. [mutagenic meat]
  6202 | D:6      | Reached skill level 10 in Spellcasting
  6492 | D:6      | Reached * piety under Vehumet
  6492 | D:6      | Offered knowledge of Flame Tongue by Vehumet.
  6495 | D:6      | Learned a level 1 spell: Flame Tongue
  6687 | D:5      | Gained mutation: Your muscles are strong. (Str +2) [mutagenic meat]
  6688 | D:5      | Gained mutation: Armour fits poorly on your strangely shaped body. [mutagenic meat]
  6689 | D:5      | Gained mutation: You tend to lose your temper in combat. [mutagenic meat]
  6690 | D:5      | Gained mutation: You are somewhat resistant to further mutation. [mutagenic meat]
  6693 | D:5      | Gained mutation: You can breathe flames. [potion of mutation]
  6693 | D:5      | Lost mutation: Your muscles are strong. (Str +2) [potion of mutation]
  6773 | D:6      | Found a shattered altar of Ashenzari.
  7594 | D:7      | Reached skill level 5 in Fire Magic
  7608 | D:7      | Reached XP level 9. HP: 45/45 MP: 17/25
  7910 | D:8      | Noticed Erolcha
  7939 | D:8      | Found a shimmering altar of Xom.
  7980 | D:8      | Killed Erolcha
  8314 | D:8      | Found a staircase to the Lair.
  8319 | D:8      | Offered knowledge of Sandblast by Vehumet.
  8323 | D:8      | Reached ** piety under Vehumet
  8415 | D:8      | Reached XP level 10. HP: 50/50 MP: 8/26
  8978 | D:8      | Found a staircase to the Lair.
  9011 | D:8      | Found a shimmering altar of Xom.
  9427 | D:9      | Noticed Maurice
  9437 | D:9      | Killed Maurice
  9437 | D:9      | Reached skill level 10 in Conjurations
  9482 | D:9      | Offered knowledge of Inner Flame by Vehumet.
  9490 | D:9      | Learned a level 3 spell: Inner Flame
  9493 | D:9      | Noticed Erica
  9523 | D:9      | Killed Erica
  9523 | D:9      | Reached skill level 11 in Conjurations
  9586 | D:9      | Reached *** piety under Vehumet
  9784 | D:9      | Found a staircase to the Orcish Mines.
  9863 | D:9      | Offered knowledge of Conjure Flame by Vehumet.
 10023 | D:9      | Reached skill level 12 in Conjurations
 10396 | D:8      | Learned a level 3 spell: Conjure Flame
 10417 | D:8      | Reached skill level 1 in Shields
 10557 | Lair:1   | Entered Level 1 of the Lair of Beasts
 11044 | Lair:1   | Reached **** piety under Vehumet
 11381 | Lair:2   | Reached XP level 11. HP: 54/54 MP: 23/27
 11530 | Lair:2   | Reached skill level 5 in Shields
 11659 | Lair:2   | Offered knowledge of Ignite Poison by Vehumet.
 12079 | Lair:2   | Learned a level 3 spell: Ignite Poison
 13058 | Orc:1    | Entered Level 1 of the Orcish Mines
 13360 | Orc:1    | Noticed Harold
 13367 | Orc:1    | Killed Harold
 13378 | Orc:1    | Reached ***** piety under Vehumet
 13463 | Orc:1    | Offered knowledge of Bolt of Cold by Vehumet.
 13471 | Orc:1    | Learned a level 6 spell: Bolt of Cold
 13527 | Orc:1    | Found a dark tunnel.
 13574 | Volcano  | Entered a volcano
 13606 | Volcano  | Reached skill level 1 in Ice Magic
 13705 | Volcano  | Got a heavily runed leather armour
 13716 | Volcano  | Identified the cursed +0 leather armour "Faosack" {+Blink rC- Regen+ Str-3} (You found it in a volcano)
 14295 | Orc:1    | Found Haudghog's Assorted Antiques.
 14824 | Lair:1   | Noticed a black mamba
 14827 | Lair:1   | Killed a black mamba
 14827 | Lair:1   | Reached skill level 5 in Ice Magic
 14835 | Lair:1   | Got a slimy whip
 14842 | Lair:1   | Identified the +9 whip "Hell-Harrower" {vamp, rPois Str+3 Dex+3} (You found it on level 1 of the Lair of Beasts)
 14942 | Lair:3   | Reached XP level 12. HP: 9/64 MP: 6/28
 16430 | Lair:4   | Noticed a five-headed hydra
 16435 | Lair:4   | Killed a five-headed hydra
 16592 | Lair:4   | Noticed a six-headed hydra
 16599 | Lair:4   | Killed a six-headed hydra
 16891 | Lair:4   | Noticed Snorg
 16902 | Lair:4   | Killed Snorg
 17837 | Lair:4   | Reached skill level 5 in Dodging
 17882 | Lair:5   | Mangled by a death yak

Action                   |  1- 3 |  4- 6 |  7- 9 | 10-12 || total
-------------------------+-------+-------+-------+-------++-------
Melee: Unarmed           |     2 |       |       |       ||     2
       Short sword       |     1 |     7 |     8 |       ||    16
       Rapier            |       |       |     3 |       ||     3
       Staff             |       |       |       |    25 ||    25
 Cast: Magic Dart        |    78 |    82 |   169 |   387 ||   716
       Searing Ray       |     4 |    15 |    10 |    42 ||    71
       Iskenderun's Batt |       |     4 |    36 |    98 ||   138
       Inner Flame       |       |       |       |     6 ||     6
       Conjure Flame     |       |       |       |     3 ||     3
       Ignite Poison     |       |       |       |     1 ||     1
 Abil: Evoke Flight      |     1 |       |       |       ||     1
       Breathe Fire      |       |       |     2 |       ||     2
       Evoke Blink       |       |       |       |     1 ||     1
  Use: Potion            |       |     2 |     2 |     3 ||     7
       Scroll            |       |       |    21 |     5 ||    26
  Eat: Chunk             |     2 |    10 |    26 |    23 ||    61
       Fruit             |       |       |       |     1 ||     1
       Bread ration      |       |       |       |     4 ||     4
       Meat ration       |       |       |       |     1 ||     1
       Pizza             |       |       |       |     1 ||     1
